 Dungeon Crawl Stone Soup version 0.27-a0-920-gb2bd10914a (webtiles) character file.

Game seed: 13783951739589740312

4792 siradein the Thaumaturge (level 10, -1/60 HPs)
             Began as a Djinni Fire Elementalist on Apr 9, 2021.
             Was a Follower of Makhleb.
             Splashed by an oklob plant's acid (12 damage)
             ... on level 8 of the Dungeon.
             The game lasted 00:30:51 (11786 turns).

siradein the Thaumaturge (DjFE)                    Turns: 11786, Time: 00:30:52

Health: -1/60      AC:  5    Str:  7    XL:     10   Next: 48%
Gold:   458        EV: 26    Int: 20    God:    Makhleb [*.....] SH:  0 Dex: 14

rFire    + + .     SeeInvis .   i - +2 scythe (venom)
rCold    . . .     Faith    .   (shield currently unavailable)
rNeg     . . .     Spirit   .   x - +2 leather armour {rC+}
rPois    ∞         Reflect  .   l - +2 hat
rElec    .         Harm     .   z - +0 cloak
rCorr    .         Rampage  .   h - +0 pair of gloves
Will     +....                  (boots unavailable)
Stlth    ++........             c - amulet of the acrobat
HPRegen  0.20/turn              (no ring)
MPRegen  0.00/turn              (no ring)

@: corroded, acrobatic, flying, very slightly contaminated
A: fire resistance 2, cold vulnerability 1, float, innate caster, hp casting,
extra vitality 1
a: Renounce Religion


You were on level 8 of the Dungeon.
You worshipped Makhleb.
Makhleb was aware of your devotion.
You visited 2 branches of the dungeon, and saw 9 of its levels.
You also visited: Sewer.

You collected 458 gold pieces.

Inventory:

Hand Weapons
 i - a +2 scythe of venom (weapon)
Missiles
 a - 4 curare-tipped darts
 y - 6 atropa-tipped darts
Armour
 h - a +0 pair of gloves (worn)
 l - a +2 hat (worn)
 x - a +2 leather armour of cold resistance (worn)
 z - a +0 cloak (worn)
Magical Staves
 A - a staff of cold
Jewellery
 c - an amulet of the acrobat (around neck)
Wands
 b - a wand of mindburst (10)
 s - a wand of paralysis (8)
Scrolls
 e - 2 scrolls of magic mapping
 f - a scroll of acquirement {unknown}
 j - 3 scrolls of fear {unknown}
 k - 2 scrolls of enchant armour {unknown}
 m - 3 scrolls of teleportation {unknown}
 n - 3 scrolls of immolation
 p - 2 scrolls of fog {unknown}
 q - 2 scrolls of silence
 w - a scroll of amnesia {unknown}
 D - a scroll of torment {unknown}
Potions
 d - 2 potions of brilliance
 g - 5 potions of lignification
 o - a potion of heal wounds {unknown}
 r - 3 potions of haste {unknown}
 t - 4 potions of curing {unknown}
 u - a potion of cancellation {unknown}
 v - a potion of degeneration {unknown}
 B - a potion of ambrosia {unknown}
 C - a potion of mutation {unknown}


   Skills:
 - Level 2.1 Dodging
 - Level 1.5 Stealth
 + Level 12.6 Spellcasting


You had 8 spell levels left.
You knew the following spells:

 Your Spells              Type           Power      Damage    Failure   Level
a - Foxfire               Conj/Fire      100%       2x1d9     1%          1
b - Conjure Flame         Conj/Fire      59%        6-21      1%          3
c - Inner Flame           Hex/Fire       59%        N/A       1%          3
d - Sticky Flame          Conj/Fire      59%        2d7       1%          4
e - Fireball              Conj/Fire      29%        3d13      1%          5
f - Sting                 Tmut/Pois      100%       1d8       1%          1
g - Call Imp              Summ           59%        N/A       1%          2
h - Gell's Gravitas       Tloc           29%        N/A       1%          3
i - Dispel Undead         Necr           59%        3d21      1%          4
Your spell library was empty.

Dungeon Overview and Level Annotations

Branches:
Dungeon (8/15)             Temple (1/1) D:7            Lair (0/6) D:8
  Sewer (visited)

Altars:
Ashenzari
Cheibriados
Dithmenos
Fedhas
Gozag
Hepliaklqana
Kikubaaqudgha
Makhleb
Nemelex Xobeh
Okawaru
Qazlal
Ru
Sif Muna
Trog
Vehumet
Xom
Yredelemnul
Zin
The Shining One
Lugonu

Shops:
D:2 [   D:8 =:!

Annotations:
D:7 2 transporters
D:8 exclusion: oklob plant


Innate Abilities, Weirdness & Mutations

You are immune to poison.
Your flesh is very heat resistant. (rF++)
You are vulnerable to cold. (rC-)
You float through the air rather than walking.
You learn spells naturally, not from books.
Your magical power is your life essence.
You have superior vitality. (+4 HP)


Message History

You miscast Fireball.
You are very lightly contaminated with residual magic.
Nothing appears to happen.
The bush is engulfed in blazing flames.
A nearby plant withers and dies.
The bush is engulfed in blazing flames.
A nearby plant withers and dies.
Unknown command.
You start resting.
The bush is engulfed in blazing flames.
You start resting.
The plant is engulfed in blazing flames.
The plant begins to die.
The bush is engulfed in blazing flames.
Really fly into a travel-excluded area?
The plant is engulfed in blazing flames.
The bush is engulfed in blazing flames.
The oklob plant spits acid at you. The splash of acid hits you!
The acid corrodes you!
You are splashed with acid!
Casting: Fireball (dangerous; 1% risk of failure)
Confirm with . or Enter, or press ? or * to list all spells.
You can't see any susceptible monsters within range! (Use Z to cast anyway.)
Aiming: Fireball (dangerous; 1% risk of failure)
Press: ? - help, Q - select action, (/) - cycle Shift-Dir - straight line, p - bush
Okay, then.
The plant is engulfed in blazing flames.
The bush is engulfed in blazing flames. x2
Aiming: Fireball (dangerous; 1% risk of failure)
Press: ? - help, Q - select action, (/) - cycle Shift-Dir - straight line, p - bush The fireball explodes!
The fireball engulfs the plant!
The plant begins to die.
The plant is lightly damaged.
* * * LOW HITPOINT WARNING * * *
The plant is engulfed in blazing flames.
A nearby plant withers and dies.
The bush is engulfed in blazing flames. x2
Aiming: Fireball (dangerous; 1% risk of failure)
Press: ? - help, Q - select action, (/) - cycle Shift-Dir - straight line, f - you
Okay, then.
Really fly into a travel-excluded area?
The bush is engulfed in blazing flames.
The oklob plant spits acid at you. The splash of acid hits you.
* * * LOW HITPOINT WARNING * * *
You are splashed with acid!
You die... #.## #.# ### ########## ###.# # .PP PP..P.PPP #...# PP#.P# PP#PPP# P# ##### PP.☼#☼##P.PP.##PP.
P..#P☼.PPPPPPP#.P#P#

# ## PP.☼○.........P..#P#
#.#. P...P...@≈≈≈≈..P..P#
#.#. PP..#..≈≈≈≈≈≈≈...PP
#.. ##○○○.≈≈≈≈≈≈≈≈≈..PP
#. #.#.○≈≈≈≈≈≈≈≈≈≈≈.PP #.
P#○○≈≈≈≈...≈≈≈≈.##### #.
P.PP......_.≈≈≈≈.....# #.
P#PP.≈≈≈≈...≈≈≈≈.###.####
#PPP.≈≈≈≈≈≈≈≈≈≈≈.PP#....)
P.P#..≈≈≈≈≈≈≈≈≈..PP#.####


You could see an oklob plant.

Vanquished Creatures
  A komodo dragon (D:8)
  Grinder (D:4)
  Sigmund (D:2)
  4 yaks (D:8)
  Eustachio (D:5)
  Duvessa (D:4)
  A water moccasin (D:8)
  2 orc warriors
  2 necrophages
  3 ice beasts
  3 black bears
  3 ogres
  2 centaurs
  A phantom (D:5)
  Blork the orc (D:4)
  2 bullfrogs
  2 gnoll sergeants (D:5)
  3 scorpions
  Dowan (D:4)
  A wyvern zombie (D:7)
  A water moccasin skeleton (D:4)
  9 wights
  A howler monkey (D:4)
  2 bullfrog zombies
  A hound (D:6)
  An orc priest (D:6)
  A jelly (D:3)
  3 centaur skeletons
  2 iguanas (D:5)
  4 orc wizards
  3 hound skeletons
  8 adders
  A river rat (D:5)
  A shadow imp (D:7)
  A white imp (D:7)
  An adder skeleton (D:4)
  A worm (D:3)
  A dart slug (D:1)
  25 orcs
  9 ball pythons
  4 endoplasms
  4 giant cockroaches
  9 goblins
  8 hobgoblins
  25 jackals
  7 quokkas
  5 bats
  8 frilled lizards
  12 kobolds
  2 rats
  A spectral hobgoblin (D:7)
  2 bushes (D:8)
199 creatures vanquished.

Vanquished Creatures (collateral kills)
  The ghost of indyram44 the Insei, an amateur GnTm (D:3)
  3 foxfires (Sewer)
4 creatures vanquished.

Vanquished Creatures (others)
  272 foxfires
  3 fungi (D:8)
  39 plants
314 creatures vanquished.

Grand Total: 517 creatures vanquished

Notes
Turn   | Place    | Note
-------+----------+-------------------------------------------
     0 | D:1      | siradein the Djinni Fire Elementalist began the quest for
                  | the Orb.
     0 | D:1      | Reached XP level 1. HP: 15/15 MP: 0/0
     8 | D:1      | Noticed an ogre
    90 | D:1      | Reached skill level 3 in Spellcasting
   294 | D:1      | Reached XP level 2. HP: 17/21 MP: 0/0
   866 | D:1      | Reached XP level 3. HP: 22/25 MP: 0/0
   866 | D:1      | Learned a level 1 spell: Sting
  1278 | D:2      | Noticed Sigmund
  1286 | D:2      | Killed Sigmund
  1287 | D:2      | Reached skill level 5 in Spellcasting
  1287 | D:2      | Reached XP level 4. HP: 8/31 MP: 0/0
  1287 | D:2      | Reached XP level 5. HP: 9/35 MP: 0/0
  1287 | D:2      | Learned a level 2 spell: Call Imp
  1586 | D:2      | Found Tilefid's Armour Shoppe.
  1940 | D:3      | Found a faded altar of an unknown god.
  2006 | D:3      | Found a transporter.
  2007 | D:3      | Noticed indyram44's ghost (amateur GnTm)
  2086 | D:3      | Found a transporter.
  2132 | D:3      | Reached XP level 6. HP: 35/40 MP: 0/0
  3217 | D:4      | Reached skill level 6 in Spellcasting
  3399 | D:4      | Reached XP level 7. HP: 35/45 MP: 0/0
  3399 | D:4      | Learned a level 3 spell: Gell's Gravitas
  3574 | D:4      | Noticed Grinder
  3780 | D:4      | Reached skill level 7 in Spellcasting
  4002 | D:4      | Noticed Blork the orc
  4010 | D:4      | Killed Blork the orc
  4016 | D:4      | Noticed Duvessa
  4037 | D:4      | Killed Duvessa
  4042 | D:4      | Noticed Dowan
  4048 | D:4      | Killed Dowan
  4258 | D:4      | Killed Grinder
  4259 | D:4      | Reached skill level 8 in Spellcasting
  4259 | D:4      | Reached XP level 8. HP: 24/50 MP: 0/0
  4541 | D:4      | Found a shimmering altar of Xom.
  4541 | D:4      | Found a glowing golden altar of the Shining One.
  4544 | D:4      | Found a sacrificial altar of Ru.
  4576 | D:4      | Found a shadowy altar of Dithmenos.
  5475 | D:3      | Killed indyram44's ghost
  5866 | D:5      | Entered Level 5 of the Dungeon
  5883 | D:5      | Reached skill level 9 in Spellcasting
  6108 | D:5      | Reached XP level 9. HP: 22/55 MP: 0/0
  6108 | D:5      | Learned a level 4 spell: Dispel Undead
  6383 | D:5      | Reached skill level 10 in Spellcasting
  6385 | D:5      | Found a glowing drain.
  6429 | Sewer    | Entered a sewer
  7890 | D:5      | Noticed Eustachio
  7894 | D:5      | Killed Eustachio
  8981 | D:6      | Reached skill level 11 in Spellcasting
  9689 | D:7      | Found a staircase to the Ecumenical Temple.
  9701 | Temple   | Entered the Ecumenical Temple
  9706 | Temple   | Became a worshipper of Makhleb the Destroyer
  9855 | D:7      | Found a corrupted altar of Lugonu.
  9855 | D:7      | Found a transporter.
  9856 | D:7      | Noticed a white ugly thing
  9856 | D:7      | Noticed a cyan ugly thing
 10175 | D:7      | Found a broken altar of Ashenzari.
 10176 | D:7      | Found a stormy altar of Qazlal.
 10302 | D:7      | Found a transporter.
 10408 | D:7      | Found a hazy altar of Hepliaklqana.
 10554 | D:7      | Reached XP level 10. HP: 47/60 MP: 0/0
 10993 | D:8      | Reached * piety under Makhleb
 10994 | D:8      | Reached skill level 12 in Spellcasting
 11239 | D:8      | Found Cuhaily's Jewellery Boutique.
 11399 | D:8      | Found Nasaohy's Book Emporium.
 11423 | D:8      | Found Catiawat's Distillery.
 11590 | D:8      | Found a staircase to the Lair.
 11751 | D:8      | Found a blossoming altar of Fedhas.
 11764 | D:8      | Noticed an oklob plant
 11786 | D:8      | Splashed by an oklob plant's acid

Illustrated notes

Levels and vault maps discovered:
D:1:      evilmike_arrival_come_back, layout_loops_ring
D:2:      layout_rooms, serial_shops, nicolae_shop_stone, uniq_sigmund
D:3:      minmay_spotlight, layout_loops_ring, gammafunk_ghost_arena,
          basic_ecumenical_altar
D:4:      layout_loops_ring, nicolae_overflow_quartered_altars,
          grunt_ministairs_12, uniq_grinder, uniq_duvessa, uniq_blork_the_orc
D:5:      layout_rooms, portal_sewer_entry_b, sword_in_stone
D:6:      layout_gridville
D:7:      gammafunk_corrupted_shrine, layout_loops_ring,
          gammafunk_temple_overflow_wave,
          nicolae_hepliaklqana_monster_ancestors,
          minmay_temple_entry_antechambers, minmay_fountain_box
D:8:      layout_loops_cross, tgw_fedhas, lair_entry_dummy, serial_shops,
          nicolae_shop_crystal, shop_statue, nicolae_shop_stone
Temple:   minmay_freezing_vapour_temple

Skill      XL: |  1  2  3  4  5  6  7  8  9 10 |
---------------+-------------------------------+-----
Spellcasting   | 3 5 6 8 9 11 12 | 12.6
Dodging        | |  2.1
Stealth        | |  1.5

Action                   |  1- 3 |  4- 6 |  7- 9 | 10-12 || total
-------------------------+-------+-------+-------+-------++-------
Melee: Scythe            |       |       |     2 |       ||     2
 Cast: Foxfire           |    34 |    61 |    77 |       ||   172
       Sting             |     6 |       |     1 |       ||     7
       Inner Flame       |       |     8 |    40 |     5 ||    53
       Conjure Flame     |       |     1 |    14 |       ||    15
       Sticky Flame      |       |       |     6 |     3 ||     9
       Call Imp          |       |       |     2 |       ||     2
       Fireball          |       |       |    56 |    25 ||    81
       Gell's Gravitas   |       |       |     8 |       ||     8
  Use: Scroll            |       |       |     7 |       ||     7
Armor: Robe              |     7 |     4 |     7 |       ||    18
       Leather armour    |       |       |     7 |       ||     7
Dodge: Dodged            |    16 |    16 |    39 |     1 ||    72

Table legend: (Time is in decaauts)
 A = Elapsed time spent in this place.
 B = Non-inter-level travel time spent in this place.
 C = Inter-level travel time spent in this place.
 D = Time resting spent in this place.
 E = Time spent auto-exploring this place.
 F = Levels seen in this place.
 G = Mean time per level.
                   A        B        C        D        E       F      G
               +--------+--------+--------+--------+--------+-----+--------+
         Total |  11787 |  11530 |    257 |    388 |   9401 |  10 | 1178.7 |
       Dungeon |  10552 |  10295 |    257 |    314 |   8509 |   8 | 1319.0 |
        Temple |     10 |     10 |      0 |      0 |      0 |   1 |   10.0 |
         Sewer |   1223 |   1223 |      0 |     74 |    892 |   1 | 1223.0 |
               +--------+--------+--------+--------+--------+-----+--------+

Top non-repeatable levels by time:
     D:4: 2222 daAuts
     D:3: 1724 daAuts
     D:5: 1485 daAuts
     D:7: 1290 daAuts
     D:1: 1233 daAuts
   Sewer: 1223 daAuts
     D:6: 1103 daAuts
     D:8: 807 daAuts
     D:2: 686 daAuts
  Temple: 10 daAuts
